 Dungeon Sprint DCSS version 0.30-a0-930-gb9d0489357 (webtiles) character file.

Game seed: 4970679193744662334

16 testman the Ruffian (level 2, -2/29 HPs)
             Began as a Ghoul Monk on Mar 23, 2023.
             Splashed by a jelly's acid (5 damage)
             ... in the Dungeon (Sprint IX: "|||||||||||||||||||||||||||||").
             The game lasted 00:00:42 (57 turns).

testman the Ruffian (Ghoul Monk)                      Turns: 57, Time: 00:00:43

Health: -2/29      AC: -2    Str: 14    XL:     2   Next: 54%
Magic:  1/1        EV: 12    Int:  5    God:
Gold:   0          SH:  0    Dex: 11    Spells: 1/1 levels left

rFire   . . .      SeeInvis .      - Unarmed
rCold   + . .      Faith    .    (no shield)
rNeg    + + +      Spirit   .    a - +0 robe
rPois   ∞          Reflect  .    (no helmet)
rElec   .          Rampage  .    (no cloak)
rCorr   .          NoTele   +    (no gloves)
Will    .....                    (no boots)
Stlth   ++                       (no amulet)
HPRegen 0.00/turn                (no ring)
MPRegen 0.07/turn                (no ring)

@: corroded, inhibited regen
A: claws 1, cold resistance 1, negative energy resistance 3, inhibited
regeneration, torment resistance 2, devour on kill
a: no special abilities


You were in the Dungeon.
You visited 1 branch

Inventory:

Armour
 a - a +0 robe (worn)
Scrolls
 g - a scroll of blinking
Potions
 b - a potion of ambrosia
 c - a potion of curing
 d - a potion of heal wounds
 e - a potion of haste
 f - 2 potions of magic


   Skills:
 + Level 5.0 Fighting
 - Level 2.6 Dodging
 - Level 2.1 Stealth
 + Level 5.0 Unarmed Combat


You had one spell level left.
You didn't know any spells.
Your spell library was empty.

Dungeon Overview and Level Annotations

Branches:
Dungeon (1/1)

Altars:


Innate Abilities, Weirdness & Mutations

You are immune to poison.
You have sharp fingernails.
Your flesh is cold resistant. (rC+)
You are immune to negative energy. (rN+++)
You do not regenerate when monsters are visible.
You are immune to unholy pain and torment.
You thrive by killing the living.


Message History

The adder is moderately wounded.
The adder barely misses you.
You closely miss the adder.
The adder is moderately wounded.
The adder bites you.
You miss the adder. You claw the adder.
The adder is severely wounded.
The adder bites you.
You barely miss the adder.
The adder is severely wounded.
The adder bites you. x2
You scratch the adder.
The adder is almost dead.
The adder bites you.
* * * LOW HITPOINT WARNING * * *
You closely miss the adder.
The adder is almost dead.
The adder bites you.
* * * LOW HITPOINT WARNING * * *
You barely miss the adder.
The adder is almost dead.
The adder closely misses you.
You closely miss the adder.
The adder is almost dead.
The adder bites you.
* * * LOW HITPOINT WARNING * * *
You barely miss the adder.
The adder is almost dead.
The adder bites you.
* * * LOW HITPOINT WARNING * * *
The adder barely misses you.
You barely miss the adder.
The adder is almost dead.
The adder barely misses you.
You closely miss the adder. You claw the adder.
You kill the adder!
Your Fighting skill increases to level 5!
Your Unarmed Combat skill increases to level 5!
You claw the jelly! The acid corrodes you!
Your claws burn!
You die...

▓.▓
▓.▓
▓'▓
▓)▓
▓†▓
▓.▓
▓.▓
▓.▓
▓@▓
▓J▓
▓.▓
▓h▓
▓l▓
▓w▓
▓+▓


You could see a worm, an iguana, a jelly and a jackal.

Vanquished Creatures
  An adder (D)
  A dart slug (D)
  An endoplasm (D)
  A quokka (D)
  A frilled lizard (D)
  A kobold (D)
6 creatures vanquished.

Notes
Turn   | Place    | Note
-------+----------+-------------------------------------------
     0 | D        | testman the Ghoul Monk began the quest for the Orb.
     0 | D        | Reached XP level 1. HP: 19/19 MP: 0/0
    24 | D        | Reached XP level 2. HP: 24/28 MP: 1/1
    57 | D        | Reached skill level 5 in Fighting
    57 | D        | Reached skill level 5 in Unarmed Combat
    57 | D        | Splashed by a jelly's acid

Illustrated notes

Levels and vault maps discovered:
D:        linesprint [early_d, line_temple, items_1, d_10, items_2, lair_1,
          lair_end, items_3, orc_1, orc_end, items_4, d_15, swamp_1, shoals_1,
          snake_1, spider_1, d_20, vaults_1, items_5, swamp_end, shoals_end,
          snake_end, spider_end, vaults_end, d_27, items_6, zot_1, zot_end,
          crypt_end, forest_end, elf_end, slime_end, tomb_end, abyss_end,
          pan_hell_end]

Skill      XL: |  1  2 |
---------------+-------+-----
Unarmed Combat | 4 5 |  5.0
Fighting       | 4 5 |  5.0
Dodging        | |  2.6
Stealth        | |  2.1

Action                     || total
---------------------------++-------
  Melee: Unarmed           ||    37
         Punch             ||     4
   Stab: Sleeping          ||     2
 Armour: Robe              ||     5
  Dodge: Dodged            ||    16

Table legend: (Time is in decaauts)
 A = Elapsed time spent in this place.
 B = Non-inter-level travel time spent in this place.
 C = Inter-level travel time spent in this place.
 D = Time resting spent in this place.
 E = Time spent auto-exploring this place.
 F = Levels seen in this place.
 G = Mean time per level.
                   A        B        C        D        E       F      G
               +--------+--------+--------+--------+--------+-----+--------+
         Total |     54 |     54 |      0 |      7 |      0 |   1 |   54.0 |
       Dungeon |     54 |     54 |      0 |      7 |      0 |   1 |   54.0 |
               +--------+--------+--------+--------+--------+-----+--------+

Top non-repeatable levels by time:
       D: 54 daAuts
